 Dungeon Crawl Stone Soup version 0.25.1-9-gc5326a611f (webtiles) character file.

Game seed: 16419657865402694620

36 pokeman the Magician (level 3, -4/20 HPs)
             Began as a Deep Elf Wizard on Dec 24, 2020.
             Slain by a worker ant (5 damage)
             ... on level 4 of the Dungeon.
             The game lasted 00:04:00 (1557 turns).

pokeman the Magician (Deep Elf Wizard)              Turns: 1557, Time: 00:04:00

Health: -4/20      AC:  3    Str:  4    XL:     3   Next: 19%
Magic:  4/11       EV: 11    Int: 23    God:
Gold:   82         SH:  0    Dex: 13    Spells: 1/12 levels left

rFire    . . .     SeeInvis .   (no weapon)
rCold    . . .     Gourm    .   (no shield)
rNeg     . . .     Faith    .   m - +0 leather armour
rPois    .         Spirit   .   b - +0 hat
rElec    .         Reflect  .   (no cloak)
rCorr    .         Harm     .   (no gloves)
MR       .....                  (no boots)
Stlth    ++........             (no amulet)
HPRegen  0.06/turn              k - ring of wizardry
MPRegen  0.12/turn              (no ring)

@: lethally poisoned (-4 -> -8), very slightly contaminated
A: no striking features
a: no special abilities


You were on level 4 of the Dungeon.
You were not hungry.

You visited 1 branch of the dungeon, and saw 3 of its levels.

You collected 82 gold pieces.

Inventory:

Missiles
 a - 23 bolts
Armour
 b - a +0 hat (worn)
 m - a +0 leather armour (worn)
Jewellery
 k - a ring of wizardry (left hand)
Wands
 i - a wand of clouds (6)
Scrolls
 c - a scroll of teleportation {unknown}
 f - a scroll of remove curse {unknown}
 g - a scroll of identify {unknown}
 j - a scroll of fog {unknown}
Potions
 e - 2 potions of haste {unknown}
 h - a potion of mutation {unknown}
Comestibles
 d - 5 rations


   Skills:
 + Level 0.8 Fighting
 + Level 0.8 Armour
 - Level 2.4 Dodging
 - Level 2.4 Stealth
 * Level 5.1 Spellcasting
 + Level 1.8 Conjurations
 - Level 1.1 Summonings
 - Level 1.1 Translocations


You had one spell level left.
You knew the following spells:

 Your Spells              Type           Power        Failure   Level  Hunger
a - Magic Dart            Conj           ##..         3%          1    None
b - Mephitic Cloud        Conj/Pois/Air  #.......     16%         3    ##.....
c - Call Imp              Summ           ##......     6%          2    None
d - Blink                 Tloc           N/A          6%          2    None
e - Conjure Flame         Conj/Fire      ##......     13%         3    ##.....

Your spell library contained the following spells:

 Spells                   Type           Power        Failure   Level  Hunger
 Slow                     Hex            #.......     10%         2    None


Dungeon Overview and Level Annotations

Branches:
Dungeon (2/15)

Altars:

Annotations:
D:4 2 transporters, radhat240's ghost, weakling NaAs


Message History

The worker ant misses you.
Casting: Magic Dart (safe; 3% risk of failure)
Confirm with . or Enter, or press ? or * to list all spells.
Aiming: Magic Dart (safe; 3% risk of failure)
Press: ? - help, Shift-Dir - straight line, f/p - worker ant
Aim: a worker ant (heavily wounded)
You miscast Magic Dart.
You are very lightly contaminated with residual magic.
Nothing appears to happen.
The worker ant bites you.
* * * LOW HITPOINT WARNING * * *
Casting: Magic Dart (safe; 3% risk of failure)
Confirm with . or Enter, or press ? or * to list all spells.
Aiming: Magic Dart (safe; 3% risk of failure)
Press: ? - help, Shift-Dir - straight line, f/p - worker ant
Aim: a worker ant (heavily wounded)
The magic dart hits the worker ant.
The worker ant is heavily wounded.
* * * LOW HITPOINT WARNING * * *
You feel sick. The worker ant bites you.
You die...

#.# #.# #. ## #.# #.# #.
##.#####.######.######.
#.#.............w...##.
###.#####.#.########..(.
##### #.....###.#.#
#####
#...#####.....#...# # .
#.#..o..........### ##
#...#####.....#@#
##.######.....#a#
#......###.#.#.#
######o# #...... #.#
##.#.# #.# .#.? #.# ###
#o# #.#


You could see a worker ant.

Vanquished Creatures
  2 dart slugs (D:1)
  2 leopard geckos (D:4)
  3 orcs (D:4)
  6 hobgoblins
  2 bats (D:1)
  2 frilled lizards
  3 goblins
  3 kobolds
  4 rats
27 creatures vanquished.

Notes
Turn   | Place    | Note
-------+----------+-------------------------------------------
     0 | D:1      | pokeman the Deep Elf Wizard began the quest for the Orb.
     0 | D:1      | Reached XP level 1. HP: 10/10 MP: 7/7
   260 | D:1      | Reached XP level 2. HP: 16/16 MP: 2/9
  1058 | D:2      | Reached skill level 5 in Spellcasting
  1160 | D:2      | You fall into a shaft and drop 2 floors!
  1160 | D:4      | Found a transporter.
  1176 | D:4      | Noticed a howler monkey
  1195 | D:4      | Found a transporter.
  1195 | D:4      | Noticed radhat240's ghost (weakling NaAs)
  1269 | D:4      | Reached XP level 3. HP: 18/20 MP: 0/11
  1274 | D:4      | Learned a level 3 spell: Mephitic Cloud
  1277 | D:4      | Learned a level 2 spell: Call Imp
  1280 | D:4      | Learned a level 2 spell: Blink
  1284 | D:4      | Learned a level 3 spell: Conjure Flame
  1557 | D:4      | HP: 1/20 [poisoned by a worker ant]
  1557 | D:4      | Slain by a worker ant

Illustrated notes

Levels and vault maps discovered:
D:1:      matt_arrival_grand_opening, layout_loops_ring, minmay_misc_feat_rugged
D:2:      kb_forest_paths, layout_basic
D:4:      layout_loops_ring, minmay_temple_entry_overgrown,
          gammafunk_ghost_arena

Skill      XL: |  1  2 |
---------------+-------+-----
Spellcasting   | 5 |  5.1
Fighting       | |  0.8
Armour         | |  0.8
Dodging        | |  2.4
Stealth        | |  2.4
Conjurations   | |  1.8
Summonings     | |  1.1
Translocations | |  1.1

Action                   || total
-------------------------++-------
Melee: Unarmed           ||     3
 Cast: Magic Dart        ||    89
  Eat: Chunk             ||     2
Armor: Robe              ||     1
Dodge: Dodged            ||     3
